 Dungeon Crawl Stone Soup version 0.21-a0-442-g848f44b (webtiles) character file.

83377 mortelune the Bludgeoner (level 15, -3/99 HPs)
             Began as a Gargoyle Fighter on Nov 12, 2017.
             Was a High Priest of Okawaru.
             Slain by a sun demon (14 damage)
             ... summoned by an orc high priest
             ... on level 2 of the Orcish Mines.
             The game lasted 01:58:21 (26879 turns).

mortelune the Bludgeoner (Gargoyle Fighter)        Turns: 26879, Time: 01:58:22

Health: -3/99      AC: 39    Str: 28    XL:     15   Next: 76%
Magic:  30/30      EV: 11    Int: 11    God:    Okawaru [*****.]
Gold:   1897       SH: 22    Dex: 12    Spells: 18/18 levels left

rFire    . . .     SeeInvis +   I - +7 demon whip "Kirusa" {elec, MP+9 Str+2}
rCold    . . .     Gourm    .   H - +1 large shield
rNeg     + . .     Faith    .   U - +0 plate armour
rPois    ∞         Spirit   .   y - +0 helmet {SInv}
rElec    +         Reflect  .   R - +0 cloak of Miracles {rElec Stlth+}
rCorr    .         Harm     .   b - +0 pair of gloves
MR       +....     Rnd*Tele +   s - +0 pair of boots
Stlth    ..........             u - amulet of regeneration
HPRegen  0.00/turn              o - +3 ring of dexterity
MPRegen  0.22/turn              m - ring of stealth

@: heroism, flying
A: big wings, iridescent scales 1, negative energy resistance 1, electricity
resistance, inhibited regeneration, strong 1, teleportitis 1, unbreathing,
petrification resistance, no potion heal 1, rot immunity, AC +11
a: Stop Flying, Heroism, Finesse, Renounce Religion


You were on level 2 of the Orcish Mines.
You worshipped Okawaru.
Okawaru was extremely pleased with you.
You were not hungry.

You visited 4 branches of the dungeon, and saw 23 of its levels.
You also visited: Sewer and Ice Cave.

You collected 1897 gold pieces.

Inventory:

Hand Weapons
 k - a cursed -2 dire flail
 A - a +0 morningstar
 I - the +7 demon whip "Kirusa" (weapon) {elec, MP+9 Str+2}
   (You found it in an ice cave)

   Occasionally, upon striking a foe, it will discharge some electrical energy
   and cause terrible harm.
   It affects your strength (+2).
   It affects your magic capacity (+9).
Armour
 b - a +0 pair of gloves (worn)
 s - a +0 pair of boots (worn)
 y - a +0 helmet of see invisible (worn)
 H - a +1 large shield (worn)
 R - the +0 cloak of Miracles (worn) {rElec Stlth+}
   (Okawaru gifted it to you on level 14 of the Dungeon)

   It insulates you from electricity.
   It makes you more stealthy.
 U - a +0 plate armour (worn)
 V - a +1 hat of intelligence
Jewellery
 m - a ring of stealth (right hand)
 o - a +3 ring of dexterity (left hand)
 t - an uncursed ring of fire
 u - an amulet of regeneration (around neck)
Wands
 c - a wand of disintegration (13/24)
 g - a wand of iceblast (6/15)
 L - a wand of flame (29/48)
 W - a wand of confusion (15/48)
 Y - a wand of polymorph (8/24)
Scrolls
 h - a scroll of brand weapon {unknown}
 i - 2 scrolls of vulnerability {unknown}
 j - 2 scrolls of recharging
 l - 4 scrolls of teleportation
 n - 2 scrolls of fear
 p - 5 scrolls of enchant armour
 q - 8 scrolls of remove curse
 r - 2 scrolls of immolation
 w - a scroll of noise
 C - 3 scrolls of identify
 D - a scroll of blinking
 M - a scroll of summoning {unknown}
 N - 4 scrolls of enchant weapon
 Q - a scroll of fog {unknown}
 X - a scroll of silence {unknown}
Potions
 d - 4 potions of might
 e - 4 potions of brilliance
 x - 2 potions of ambrosia
 z - 2 potions of invisibility
 E - 2 potions of magic
 J - a potion of resistance
 K - 9 potions of curing
 P - a potion of cancellation
 S - a potion of heal wounds
 T - a potion of berserk rage
 Z - 2 potions of agility
Books
 v - a book of Summonings

   Spells                             Type                      Level
   a - Recall                         Summoning/Translocation      3
   b - Aura of Abjuration             Summoning                    5
   c - Summon Demon                   Summoning                    5
   d - Summon Forest                  Summoning/Translocation      5
   e - Summon Mana Viper              Hexes/Summoning              5
   f - Shadow Creatures               Summoning                    6
Miscellaneous
 O - a phial of floods
Comestibles
 a - 17 fruits
 f - 12 bread rations
 B - 13 meat rations
 G - 21 royal jellies


   Skills:
 + Level 13.6(18.6) Fighting
 - Level 16.0(21.0) Maces & Flails
 + Level 13.6(18.6) Armour
 + Level 4.4(9.4) Dodging
 + Level 10.2(15.2) Shields
 - Level 2.0 Spellcasting
 - Level 8.0 Invocations
 + Level 4.9 Evocations


You had 18 spell levels left.
You didn't know any spells.

Dungeon Overview and Level Annotations

Branches:
Dungeon (14/15)            Temple (1/1) D:4            Lair (6/6) D:11
  Swamp (0/4) Lair:2        Snake (0/4) Lair:2        Slime (0/5) Lair:6
    Orc (2/2) D:9          Vaults (0/5) D:13
    Elf: Orc:2

Altars:
Ashenzari
Cheibriados
Gozag
Kikubaaqudgha
Makhleb
Okawaru
Qazlal
Ru
Sif Muna
Trog
Uskayaw
Wu Jian
Xom
Yredelemnul
Zin
Beogh

Shops:
D:5 (

Annotations:
Lair:2 exclusion: 2 oklob plants, Sonja


Innate Abilities, Weirdness & Mutations

You are resistant to torment.
Your stone body is resilient. (AC +11)
You are immune to poison.
Your large and strong wings let you fly indefinitely.
You resist negative energy. (rN+)
You are resistant to electric shocks. (rElec)
You can survive without breathing.
You are immune to petrification.
You are immune to rotting.
You are partially covered in iridescent scales. (AC +2)
You do not regenerate when monsters are visible.
Your muscles are strong. (Str +2)
You are occasionally teleported next to monsters.
Potions are less effective at restoring your health.


Message History

The ball of steam hits the sun demon.
The sun demon resists.
The ball of steam hits you!
Things that are here:
a plate armour; an orc corpse You block the sun demon's attack.
The soul eater draws from the surrounding life force!
* * * LOW HITPOINT WARNING * * *
You whack the hellwing!
The hellwing is moderately wounded.
You block the hellwing's attack.
The hellwing hits you but does no damage.
The sun demon closely misses you.
You whack the hellwing!
The hellwing is heavily wounded.
You hit the hellwing. Lightning courses through the hellwing!
The hellwing is almost dead.
The sun demon hits you!
* * * LOW HITPOINT WARNING * * *
You are engulfed in flames!
You die...

##.#.....# #)..###.#.##
#........### ##...##.....#
##..........## ###....#...#.##
#............######.o...##...###
##..........#......o)3.##....#
.....#......#.....§3..##....##
......##..)......3[.###....###
#.##..##.))......3.##........##
.###.....))..)).@4)§..........#
...#..)...........)........#.##
....#.......................###
....###.......................##
...........#............##.....#
..))....................#...#.##
..)).........................##
##..........#.....#.........##
#..........#.#....##.........#


You could see a soul eater, an orc high priest, 2 sun demons, a hellwing, a
smoke demon and an orc sorcerer.

Vanquished Creatures
  Rupert (Lair:3)
  Kirke (D:12)
  An orc warlord (Orc:2)
  A dire elephant (Lair:6)
  An ettin (Orc:2)
  Erolcha (Orc:1)
  The ghost of KristoblXynda the Carver, a journeyman DrGl of Uskayaw (D:13)
  Josephine (Lair:4)
  3 vault guards
  3 hydras
  Erica (Lair:2)
  A centaur warrior (D:13)
  A catoblepas (Lair:6)
  4 two-headed ogres
  8 death yaks
  2 orc high priests
  A lindwurm (Lair:6)
  4 orc knights
  3 ugly things
  4 manticores
  3 orc sorcerers
  A deep elf mage (D:13)
  3 cyclopes
  13 elephants
  Maurice (Orc:1)
  An ice statue (IceCv)
  4 centaur zombies
  Psyche (D:8)
  8 spiny frogs
  A gargoyle (D:13)
  8 black mambas
  5 rime drakes
  4 komodo dragons
  9 ice devils (IceCv)
  2 trolls
  A queen bee (Lair:1)
  10 blink frogs
  Prince Ribbit (D:8)
  9 slime creatures (D:14)
  A wind drake (Lair:2)
  2 dream sheep (Lair:6)
  16 hippogriffs
  The ghost of mortelune the Firebug, an amateur GrFE of Ashenzari (D:3)
  8 wyverns
  5 wraiths
  43 yaks
  A steam dragon (Lair:6)
  4 hogs
  A human (D:7)
  3 hungry ghosts
  3 basilisks
  6 vampire mosquitoes (D:12)
  2 wargs
  A soldier ant (D:13)
  15 water moccasins
  7 porcupines
  27 orc warriors
  A phantom (D:11)
  11 ice beasts
  2 eyes of draining (D:3)
  3 black bears
  10 ogres
  10 sky beasts
  3 necrophages
  9 wolves
  15 centaurs
  14 crocodiles
  2 elf zombies (D:11)
  A big kobold (D:8)
  9 bullfrogs
  A wyvern skeleton (D:10)
  5 scorpions
  A troll zombie (D:11)
  20 killer bees
  2 howler monkeys (D:14)
  19 wights
  2 electric eels (Lair:5)
  7 crimson imps
  A quasit (D:10)
  4 human zombies (D:11)
  5 jellies
  15 orc priests
  5 hounds
  3 bullfrog skeletons
  2 human skeletons (D:11)
  3 iguanas
  23 orc wizards
  7 hell rats
  13 worker ants
  A killer bee zombie (D:6)
  A hound zombie (D:6)
  A hound skeleton (D:6)
  2 mummies (D:11)
  Robin (D:2)
  6 gnolls
  A howler monkey zombie (D:8)
  A worker ant zombie (D:7)
  22 adders
  7 river rats (Sewer)
  3 shadow imps
  7 white imps (IceCv)
  6 ufetubi (IceCv)
  2 oozes
  2 adder skeletons
  2 worms
  8 leopard geckos
  85 orcs
  8 ball pythons
  10 giant cockroaches
  22 goblins
  9 hobgoblins
  11 jackals
  7 quokkas
  14 bats
  8 frilled lizards
  23 kobolds
  A quokka skeleton (D:6)
  A quokka zombie (D:5)
  20 rats
794 creatures vanquished.

Vanquished Creatures (others)
  A reaper (IceCv)
  A blink frog (Lair:6)
  A human (D:12)
  A phantom (D:12)
  A centaur (D:13)
  An orc wizard (Orc:1)
  3 white imps (IceCv)
  4 ufetubi (IceCv)
  5 fungi
  6 plants
24 creatures vanquished.

Grand Total: 818 creatures vanquished

Notes
Turn   | Place    | Note
-------+----------+-------------------------------------------
     0 | D:1      | mortelune the Gargoyle Fighter began the quest for the Orb.
     0 | D:1      | Reached XP level 1. HP: 14/14 MP: 1/1
   162 | D:1      | Reached XP level 2. HP: 18/19 MP: 2/2
   650 | D:1      | Reached XP level 3. HP: 22/23 MP: 3/3
  1133 | D:2      | Noticed Robin
  1313 | D:2      | Killed Robin
  1313 | D:2      | Reached XP level 4. HP: 23/29 MP: 4/4
  2214 | D:2      | Reached skill level 3 in Maces & Flails
  2328 | D:2      | Reached XP level 5. HP: 33/33 MP: 5/5
  2800 | D:3      | Found a basalt altar of Yredelemnul.
  2882 | D:3      | Noticed mortelune's ghost (amateur GrFE)
  2936 | D:3      | Killed mortelune's ghost
  2936 | D:3      | Reached skill level 4 in Maces & Flails
  2936 | D:3      | Reached XP level 6. HP: 32/39 MP: 6/6
  2949 | D:3      | Noticed an eye of draining
  2950 | D:3      | Found a bloodstained altar of Trog.
  2951 | D:3      | Noticed an eye of draining
  2974 | D:3      | Killed an eye of draining
  2980 | D:3      | Killed an eye of draining
  2980 | D:3      | Reached skill level 5 in Fighting
  2980 | D:3      | Reached skill level 5 in Armour
  2980 | D:3      | Reached XP level 7. HP: 44/44 MP: 1/7
  3171 | D:3      | Reached skill level 5 in Shields
  3904 | D:4      | Reached skill level 5 in Maces & Flails
  3977 | D:4      | Found a staircase to the Ecumenical Temple.
  4605 | D:5      | Entered Level 5 of the Dungeon
  4713 | D:5      | Found Ruihas Koru's Weapon Emporium.
  4724 | D:5      | Reached XP level 8. HP: 50/50 MP: 8/8
  4906 | D:5      | Reached skill level 6 in Maces & Flails
  5000 | D:5      | Found a burning altar of Makhleb.
  5001 | D:5      | Found a shimmering altar of Xom.
  5158 | Temple   | Entered the Ecumenical Temple
  5253 | Temple   | Became a worshipper of Warmaster Okawaru
  5589 | D:6      | Reached * piety under Okawaru
  5589 | D:6      | Reached skill level 7 in Maces & Flails
  5642 | D:6      | Reached XP level 9. HP: 13/56 MP: 6/9
  5849 | D:6      | Found a glowing drain.
  5868 | Sewer    | Entered a sewer
  6461 | D:6      | Noticed a hand axe
  6462 | D:6      | Found a hide-covered altar of Uskayaw.
  6463 | D:6      | Noticed a hand axe
  6754 | D:6      | Found a snail-covered altar of Cheibriados.
  7035 | D:7      | Reached skill level 8 in Maces & Flails
  7068 | D:6      | Reached ** piety under Okawaru
  7475 | D:7      | Reached XP level 10. HP: 63/63 MP: 10/10
  7503 | D:7      | Reached skill level 9 in Maces & Flails
  7556 | D:7      | Got a bone shortbow
  7562 | D:7      | Identified the +3 shortbow of the Turnip {venom, +Inv +Fly Str+2 Int+3} (You took it off an orc priest on level 7 of the Dungeon)
  7984 | D:8      | Reached *** piety under Okawaru
  8100 | D:8      | Gained mutation: You do not regenerate when monsters are visible. [mutagenic meat]
  8101 | D:8      | Gained mutation: You are resistant to hostile enchantments. (MR+) [mutagenic meat]
  8102 | D:8      | Gained mutation: You have sharp fingernails. [mutagenic meat]
  8103 | D:8      | Gained mutation: Potions are less effective at restoring your health. [mutagenic meat]
  8104 | D:8      | Gained mutation: You passively map a small area around you. [mutagenic meat]
  8105 | D:8      | Gained mutation: You are somewhat resistant to further mutation. [mutagenic meat]
  8188 | D:8      | Noticed a two-headed ogre
  8199 | D:8      | Killed a two-headed ogre
  8299 | D:8      | Noticed Psyche
  8305 | D:8      | Killed Psyche
  8305 | D:8      | Reached skill level 1 in Invocations
  8382 | D:8      | Noticed Prince Ribbit
  8385 | D:8      | Killed Prince Ribbit
  8385 | D:8      | Reached skill level 1 in Spellcasting
  8467 | D:8      | Reached skill level 10 in Maces & Flails
  8809 | D:9      | Reached **** piety under Okawaru
  8899 | D:9      | Found a staircase to the Orcish Mines.
  9403 | D:9      | Reached XP level 11. HP: 64/69 MP: 12/14
  9689 | D:10     | Entered Level 10 of the Dungeon
  9758 | D:10     | Received a gift from Okawaru
 10028 | D:10     | Reached ***** piety under Okawaru
 10071 | D:10     | Received a gift from Okawaru
 10453 | D:11     | Noticed a white ugly thing
 10469 | D:11     | Killed a white ugly thing
 10469 | D:11     | Reached skill level 11 in Maces & Flails
 10707 | D:11     | Found a staircase to the Lair.
 11353 | D:11     | Noticed a two-headed ogre
 11360 | D:11     | Killed a two-headed ogre
 11363 | D:11     | Noticed a manticore
 11369 | D:11     | Killed a manticore
 11489 | D:11     | Paralysed by fainting for 9 turns
 11500 | D:11     | Reached skill level 5 in Invocations
 11842 | D:11     | Found an ancient bone altar of Kikubaaqudgha.
 12194 | D:12     | Reached XP level 12. HP: 73/77 MP: 14/16
 12305 | D:12     | Reached skill level 10 in Fighting
 12305 | D:12     | Reached skill level 10 in Armour
 12641 | D:12     | Reached skill level 12 in Maces & Flails
 12710 | D:12     | Received a gift from Okawaru
 13328 | D:12     | Noticed Kirke
 13670 | D:12     | Killed Kirke
 13679 | D:12     | Received a gift from Okawaru
 14367 | D:13     | Noticed a two-headed ogre
 14374 | D:13     | Killed a two-headed ogre
 14413 | D:13     | Noticed a centaur warrior
 14435 | D:13     | Killed a centaur warrior
 14682 | D:13     | Reached skill level 13 in Maces & Flails
 14943 | D:13     | Noticed KristoblXynda's ghost (journeyman DrGl)
 15017 | D:13     | Killed KristoblXynda's ghost
 15039 | D:13     | Reached XP level 13. HP: 58/84 MP: 18/18
 15164 | D:13     | Noticed a vault guard
 15165 | D:13     | Noticed a vault guard
 15165 | D:13     | Found a gate to the Vaults.
 15165 | D:13     | Noticed a vault guard
 15165 | D:13     | Noticed a vault guard
 15630 | D:12     | Killed a vault guard
 15965 | D:12     | Killed a vault guard
 16254 | D:13     | Killed a vault guard
 16837 | D:14     | Found a frozen archway.
 16849 | D:14     | Received a gift from Okawaru
 16874 | D:14     | Got a dazzling cloak {god gift}
 16915 | D:14     | Identified the +0 cloak of Miracles {rElec Stlth+} (Okawaru gifted it to you on level 14 of the Dungeon)
 16924 | IceCv    | Entered an ice cave
 17250 | IceCv    | Killed a reaper
 17449 | IceCv    | Reached skill level 14 in Maces & Flails
 17563 | IceCv    | Got a faintly glowing demon whip
 17564 | IceCv    | Identified the +7 demon whip "Kirusa" {elec, MP+9 Str+2} (You found it in an ice cave)
 18174 | D:14     | Lost mutation: You are resistant to hostile enchantments. (MR+) [potion of mutation]
 18174 | D:14     | Lost mutation: You are somewhat resistant to further mutation. [potion of mutation]
 18174 | D:14     | Lost mutation: You have sharp fingernails. [potion of mutation]
 18174 | D:14     | Lost mutation: You passively map a small area around you. [potion of mutation]
 18174 | D:14     | Gained mutation: You have a pair of small horns on your head. [potion of mutation]
 18174 | D:14     | Gained mutation: You have sharp toenails. [potion of mutation]
 18780 | Lair:1   | Entered Level 1 of the Lair of Beasts
 19534 | Lair:2   | Noticed Sonja
 19592 | Lair:2   | Gained mutation: Your large and strong wings let you fly indefinitely. [Gargoyle growth]
 19592 | Lair:2   | Reached XP level 14. HP: 92/92 MP: 20/20
 19709 | Lair:2   | Noticed Urug
 19960 | Lair:2   | Found a staircase to the Snake Pit.
 19969 | Lair:2   | Received a gift from Okawaru
 19982 | Lair:2   | Reached skill level 15 in Maces & Flails
 20012 | Lair:2   | Got a pitted war axe {god gift}
 20016 | Lair:2   | Identified the +2 war axe of Xufiab {holy, +Rage rPois Int+4} (Okawaru gifted it to you on level 2 of the Lair of Beasts)
 20165 | Lair:2   | Found a staircase to the Swamp.
 20165 | Lair:2   | Noticed Erica
 20181 | Lair:2   | Killed Erica
 20419 | Lair:3   | Reached skill level 1 in Evocations
 20426 | Lair:3   | Reached skill level 1 in Dodging
 20801 | Lair:3   | Noticed Rupert
 20816 | Lair:3   | Killed Rupert
 20816 | Lair:3   | Received a gift from Okawaru
 21983 | Lair:4   | Noticed Josephine
 21990 | Lair:4   | Killed Josephine
 22604 | Lair:5   | Reached XP level 15. HP: 60/97 MP: 21/21
 23576 | Lair:6   | Entered Level 6 of the Lair of Beasts
 23630 | Lair:6   | Found a staircase to the Slime Pits.
 23719 | Lair:6   | Lost mutation: You have a pair of small horns on your head. [potion of mutation]
 23719 | Lair:6   | Lost mutation: You have sharp toenails. [potion of mutation]
 23719 | Lair:6   | Gained mutation: Your muscles are strong. (Str +2) [potion of mutation]
 23719 | Lair:6   | Gained mutation: You are partially covered in iridescent scales. (AC +2) [potion of mutation]
 24207 | Lair:6   | Reached skill level 16 in Maces & Flails
 24860 | Lair:2   | Noticed Urug
 24860 | Lair:2   | Urug changed into Urug the wind drake
 24873 | Lair:2   | Killed Urug the wind drake
 24946 | Lair:2   | Received a gift from Okawaru
 25052 | Orc:1    | Entered Level 1 of the Orcish Mines
 25087 | Orc:1    | Noticed Erolcha
 25117 | Orc:1    | Killed Erolcha
 25319 | Orc:1    | Gained mutation: You are occasionally teleported next to monsters. [a neqoxec]
 25366 | Orc:1    | Noticed Maurice
 25372 | Orc:1    | Killed Maurice
 25551 | Orc:1    | Found a roughly hewn altar of Beogh.
 25772 | Orc:2    | Entered Level 2 of the Orcish Mines
 25853 | Orc:2    | Reached skill level 10 in Shields
 26026 | Orc:2    | Noticed an orc warlord
 26222 | Orc:2    | Killed an orc warlord
 26557 | Orc:2    | Paralysed by an orc sorcerer for 2 turns
 26879 | Orc:2    | Slain by a sun demon

Vault maps used:
D:1:      mushboom_english_gardens
D:2:      kennysheep_the_goblin_king, minmay_close_crescents, uniq_robin
D:3:      old_standard_altar, serial_forest, infiniplex_forest_clump_medium,
          infiniplex_forest_clump_long, infiniplex_forest_straight_2,
          infiniplex_forest_lined_2, infiniplex_forest_lined_2,
          infiniplex_forest_clump_cross, infiniplex_forest_end_2,
          trog_eyes_of_draining
D:4:      minmay_temple_entry_from_below_a
D:5:      grunt_temple_overflow_champion_of_chaos, serial_shops, shop,
          first_bread
D:6:      dancing_weapons_uskayaw, cheibrodos_sewer_entry_bend, basic_altar,
          hangedman_decor_points
D:7:      grunt_livestock
D:8:      uniq_psyche, uniq_prince_ribbit1
D:9:      minmay_klotski, orc_0_dummy
D:10:     st_stairs_1, kennysheep_generic_room_3
D:11:     david_lair_generic, lemuel_mausoleum_altar_kikubaaqudgha
D:12:     uniq_kirke
D:13:     lightli_vaults_fourway_checkpoint
D:14:     portal_ice_cave_entry_ice_beasts, grunt_decor_cap
Temple:   dpeg_five_rooms_temple
Lair:1:   beast_lair_carwin_6, lemuel_fruit_tree
Lair:2:   swamp_mist, minmay_snake_entry_six_corridors, special_room,
          minmay_lair_oklob_chamber, lemuel_fruit_fields, uniq_erica,
          uniq_sonja, uniq_urug
Lair:3:   grunt_megastairs_3, infiniplex_staircase_pool, uniq_rupert
Lair:4:   beast_lair_carwin_2, uniq_josephine
Lair:5:   nicolae_quartered_pool_super
Lair:6:   hangedman_lair_in_review, slime_dummy
Orc:1:    bh_open_orc_temple, uniq_erolcha, uniq_maurice
Orc:2:    grunt_orc_tribal_feast
Sewer:    sewer_minmay_treatment
IceCv:    ice_cave_small_demon

Skill      XL: |  1  2  3  4  5  6  7  8  9 10 11 12 13 14 15 |
---------------+----------------------------------------------+-----
Armour         | 4 5 6 7 8 9 11 12 13 | 13.6
Fighting       | 4 5 6 7 8 9 11 12 13 | 13.6
Shields        | 4 5 6 7 8 9 10 | 10.2
Maces & Flails | 3 4 5 7 8 10 11 13 14 15 16 | 16.0
Invocations    | 2 5 7 8 |  8.0
Spellcasting   | 2 |  2.0
Evocations     | 3 4 |  4.9
Dodging        | 2 4 |  4.4

Action                   |  1- 3 |  4- 6 |  7- 9 | 10-12 | 13-15 || total
-------------------------+-------+-------+-------+-------+-------++-------
Melee: Flail             |   182 |   288 |   160 |   891 |   411 ||  1932
       Mace              |       |       |   419 |       |       ||   419
       Dire flail        |       |       |       |   183 |    19 ||   202
       Unarmed           |       |       |       |     1 |       ||     1
       Demon whip        |       |       |       |       |  1054 ||  1054
       Headbutt          |       |       |       |       |   113 ||   113
Invok: Heroism           |       |       |     2 |     8 |    20 ||    30
       Finesse           |       |       |       |     3 |    13 ||    16
 Abil: Evoke Berserk Rag |       |     1 |       |       |       ||     1
       Fly               |       |       |       |       |     1 ||     1
Evoke: Wand              |       |       |       |     2 |     3 ||     5
  Use: Scroll            |       |     5 |     5 |     7 |    15 ||    32
       Potion            |       |       |       |     2 |    10 ||    12
 Stab: Invisible         |       |       |       |       |     3 ||     3
       Petrified         |       |       |       |       |     5 ||     5
  Eat: Meat ration       |       |     1 |     1 |       |       ||     2
       Chunk             |       |     2 |    13 |    28 |    28 ||    71
       Fruit             |       |       |       |     6 |     6 ||    12
       Bread ration      |       |       |       |     1 |       ||     1
       Royal jelly       |       |       |       |       |     3 ||     3
Armor: Scale mail        |    30 |       |       |       |       ||    30
       Chain mail        |   124 |   250 |   186 |       |       ||   560
       Plate armour      |       |       |    96 |   592 |   686 ||  1374
Dodge: Dodged            |    56 |    63 |    87 |   160 |   214 ||   580
Block: Shield            |   126 |   207 |    64 |   297 |       ||   694
       Large shield      |       |       |   472 |   305 |  1181 ||  1958

Table legend:
 A = Spawn XP
 B = Non-spawn XP
 C = Spawn XP percentage of total XP
 D = Spawn monster count
 E = Non-spawn monster count
 F = Spawn count percentage of total count
 G = Total turns spent on level
                    A         B        C        D         E        F      G
               +---------+---------+-------+---------+---------+-------+---------
         Total |       0 |  119111 |   0.0 |       0 |     797 |   0.0 | 26879
               +---------+---------+-------+---------+---------+-------+---------
           D:1 |       0 |      65 |   0.0 |       0 |      29 |   0.0 |  1446
           D:2 |       0 |     101 |   0.0 |       0 |      41 |   0.0 |   944
           D:3 |       0 |     665 |   0.0 |       0 |      29 |   0.0 |  1498
           D:4 |       0 |     222 |   0.0 |       0 |      12 |   0.0 |   738
           D:5 |       0 |     511 |   0.0 |       0 |      21 |   0.0 |   550
           D:6 |       0 |    1703 |   0.0 |       0 |      40 |   0.0 |  1316
           D:7 |       0 |    1917 |   0.0 |       0 |      24 |   0.0 |   778
           D:8 |       0 |    2829 |   0.0 |       0 |      24 |   0.0 |   614
           D:9 |       0 |    1253 |   0.0 |       0 |      24 |   0.0 |  1176
          D:10 |       0 |    3301 |   0.0 |       0 |      35 |   0.0 |  1175
          D:11 |       0 |    5195 |   0.0 |       0 |      37 |   0.0 |  1725
          D:12 |       0 |   11912 |   0.0 |       0 |      49 |   0.0 |  2619
          D:13 |       0 |    8924 |   0.0 |       0 |      26 |   0.0 |  1599
          D:14 |       0 |    8737 |   0.0 |       0 |      50 |   0.0 |  1076
        Lair:1 |       0 |    2991 |   0.0 |       0 |      22 |   0.0 |   938
        Lair:2 |       0 |    8811 |   0.0 |       0 |      54 |   0.0 |   738
        Lair:3 |       0 |    9311 |   0.0 |       0 |      25 |   0.0 |  1189
        Lair:4 |       0 |    9651 |   0.0 |       0 |      26 |   0.0 |   908
        Lair:5 |       0 |    8600 |   0.0 |       0 |      33 |   0.0 |  1338
        Lair:6 |       0 |   13931 |   0.0 |       0 |      33 |   0.0 |  1086
         Orc:1 |       0 |    6630 |   0.0 |       0 |      48 |   0.0 |   847
         Orc:2 |       0 |    8032 |   0.0 |       0 |      44 |   0.0 |   980
         Sewer |       0 |     156 |   0.0 |       0 |      48 |   0.0 |   529
         IceCv |       0 |    3663 |   0.0 |       0 |      23 |   0.0 |   923
               +---------+---------+-------+---------+---------+-------+---------
